 Dungeon Crawl Stone Soup version 0.32-a0-699-g1ee5eff69a (webtiles) character file.

Game seed: 16738669456242469586

5 arcshroob the Ruffian (level 1, -2/15 HPs)
             Began as a Demonspawn Shapeshifter on Mar 13, 2024.
             Slain by a jackal (3 damage)
             ... on level 1 of the Dungeon.
             The game lasted 00:00:22 (116 turns).

arcshroob the Ruffian (Demonspawn Shapeshifter)      Turns: 116, Time: 00:00:23

Health: -2/15      AC:  2    Str: 14    XL:     1   Next: 66%
Magic:  1/1        EV: 11    Int: 10    God:
Gold:   28         SH:  0    Dex: 12    Spells: 0/0 levels left

rFire   . . .        f - +1 dagger (vamp)
rCold   . . .        (no shield)
rNeg    . . .        a - +0 animal skin
rPois   .            (helmet currently unavailable)
rElec   .            (cloak currently unavailable)
rCorr   .            (gloves currently unavailable)
SInv    .            (boots currently unavailable)
Will    .....        (no amulet)
Stlth   +            (no ring)
HPRegen 0.22/turn    (no ring)
MPRegen 0.07/turn

%: no passive effects
@: beast-form
A: beast (slay +1)
a: Begin Untransformation


You were on level 1 of the Dungeon.
You were a hulking beast.
You visited 1 branch of the dungeon, and saw 1 of its levels.

You collected 28 gold pieces.

Inventory:

Hand Weapons
 f - a +1 vampiric dagger (weapon)
Armour
 a - a +0 animal skin (worn)
Talismans
 c - a beast talisman (active)
 d - a flux talisman
Scrolls
 e - a scroll of poison {unknown}
Potions
 b - a potion of lignification


   Skills:
 + Level 1.2 Fighting
 + Level 1.9 Dodging
 + Level 2.8 Unarmed Combat
 + Level 2.7 Shapeshifting


You couldn't memorise any spells.
You didn't know any spells.
Your spell library contained the following spells:

 Spells                   Type           Power      Damage    Failure   Level
 Mercury Vapours          Alch/Air       0%         N/A       50%         2
 Mephitic Cloud           Conj/Alch/Air  0%         N/A       75%         3
 Freezing Cloud           Conj/Ice/Air   0%         6-21      100%        5


Dungeon Overview and Level Annotations

Branches:
Dungeon (1/15)

Altars:


Message History

The jackal moves out of view.
You hear a shout!
The jackal bites you but does no damage.
An endoplasm comes into view.
The jackal closely misses you.
The endoplasm quivers.
You hit the endoplasm.
The endoplasm is moderately wounded.
The endoplasm freezes you.
You are frozen.
You hit the endoplasm.
You feel better.
You kill the endoplasm!
The jackal stops to sniff the ground.
You hit the jackal.
The jackal is severely wounded.
The jackal bites you. x2
The jackal barks!
You hit the jackal.
You feel better.
You kill the jackal!
The jackal barely misses you. The jackal misses you.
You barely miss the jackal. The endoplasm freezes you.
You are frozen.
The jackal bites you.
You hit the jackal.
The jackal is lightly wounded.
The jackal barely misses you. The endoplasm freezes you.
You are frozen.
* * * LOW HITPOINT WARNING * * *
You hit the jackal.
You feel better.
The jackal is almost dead.
The jackal misses you. The endoplasm misses you. The jackal bites you.
* * * LOW HITPOINT WARNING * * *
You barely miss the jackal.
The jackal is almost dead.
The endoplasm freezes you.
You are frozen.
* * * LOW HITPOINT WARNING * * *
The jackal bites you.
You die...

## #..# # #.# #... .
... ...# #.# #..#
...#..# # #.#h. ..#.
###.bh# ..#.###.###J#
#.........hh#
#........#### .
######........####....
....##.............#
##.#.##.....).######
#.###.#.......# .##
##........# #.#
#.#....>..###
#.#.####.....)...


You could see an endoplasm, 3 jackals and a bat.

Vanquished Creatures
  An endoplasm (D:1)
  A jackal (D:1)
  A quokka (D:1)
  2 kobolds (D:1)
5 creatures vanquished.

Notes
Turn   | Place    | Note
-------+----------+-------------------------------------------
     0 | D:1      | arcshroob the Demonspawn Shapeshifter began the quest for
                  | the Orb.
     0 | D:1      | Reached XP level 1. HP: 15/15 MP: 1/1
   116 | D:1      | Slain by a jackal

Illustrated notes

Levels and vault maps discovered:
D:1:      enne_arrival_octagon_isle, layout_loops_ring, minmay_indecisive_spiral

Action                     || total
---------------------------++-------
  Melee: Unarmed           ||    13
         Dagger            ||     8
   Stab: Sleeping          ||     1
 Armour: Animal skin       ||    12
  Dodge: Dodged            ||    12

Table legend: (Time is in decaauts)
 A = Elapsed time spent in this place.
 B = Non-inter-level travel time spent in this place.
 C = Inter-level travel time spent in this place.
 D = Time resting spent in this place.
 E = Time spent auto-exploring this place.
 F = Levels seen in this place.
 G = Mean time per level.
                   A        B        C        D        E       F      G
               +--------+--------+--------+--------+--------+-----+--------+
         Total |    114 |    114 |      0 |      0 |     70 |   1 |  114.0 |
       Dungeon |    114 |    114 |      0 |      0 |     70 |   1 |  114.0 |
               +--------+--------+--------+--------+--------+-----+--------+

Top non-repeatable levels by time:
     D:1: 114 daAuts
